 Dungeon Sprint DCSS version 0.21-a0-421-gfc1ce30 (webtiles) character file.

157098 Kidiri the Imperceptible (level 17, -1/81 HPs)
             Began as a Spriggan Enchanter on Nov 4, 2017.
             Was the Champion of Dithmenos.
             Slain by an Executioner (6 damage)
             ... summoned by Gloorx Vloq
             ... in the Dungeon (Sprint II: "The Violet Keep of Menkaure").
             The game lasted 01:14:23 (8596 turns).

Kidiri the Imperceptible (Spriggan Enchanter)       Turns: 8596, Time: 01:14:23

Health: -1/81      AC: 10    Str:  6    XL:     17   Next: 11%
Magic:  17/51      EV: 41    Int: 24    God:    Dithmenos [******]
Gold:   1252       SH: 12    Dex: 21    Spells: 5/55 levels left

rFire    . . .     SeeInvis +   o - +9 rapier (drain)
rCold    + . .     Gourm    .   N - +0 buckler "Hionemao" {rN++}
rNeg     + + .     Faith    .   A - +2 robe {rC+}
rPois    +         Spirit   .   c - +3 hat of Pondering {ponderous, MR+ MP+10 Int+5}
rElec    .         Reflect  .   b - +0 cloak
rCorr    .         Harm     .   (gloves unavailable)
MR       +++..     NoTele   +   (boots unavailable)
Stlth    ++++++++++             (no amulet)
HPRegen  0.23/turn              I - ring of flight
MPRegen  0.32/turn              P - +5 ring of evasion

@: very slightly contaminated, wreathed by umbra, very quick
A: unfitting armour, antennae 1, repulsion field 1, large bone plates 1, see
invisible, herbivore 3, speed 3, frail 1, poison resistance, shaggy fur 1, slow
metabolism 2, strong 1, wild magic 1
a: Shadow Step, Shadow Form, Renounce Religion, Evoke Flight


You were in the Dungeon.
You worshipped Dithmenos.
Dithmenos was exalted by your worship.
You were not hungry.

You visited 1 branch You collected 6175 gold pieces.
You spent 4923 gold pieces at shops.

Inventory:

Hand Weapons
 o - a +9 rapier of draining (weapon)
Armour
 b - a +0 cloak (worn)
 c - the +3 hat of Pondering (worn) {ponderous, MR+ MP+10 Int+5}
   (You took it off Gastronok in the Dungeon)

   It affects your intelligence (+5).
   It affects your resistance to hostile enchantments.
   It affects your magic capacity (+10).
 A - a +2 robe of cold resistance (worn)
 G - +1 gold dragon scales
 N - the +0 buckler "Hionemao" (worn) {rN++}
   (You bought it in a shop in the Dungeon)

   It greatly protects you from negative energy.
Jewellery
 q - the ring "Pemopu Qita" {Fire MR+}
   (You found it in the Dungeon)

   [ring of fire]

   It enhances your fire magic.
   It protects you from fire.
   It makes you vulnerable to cold.
   It affects your resistance to hostile enchantments.
 z - a +3 ring of evasion
 B - the ring of Xom's Reproof {Ice Int+3}
   (You found it in the Dungeon)

   [ring of ice]

   It enhances your ice magic.
   It affects your intelligence (+3).
   It makes you vulnerable to fire.
   It protects you from cold.
 H - a +6 ring of strength
 I - a ring of flight (left hand)
 M - a +1 ring of evasion
 O - an uncursed ring of fire
 P - a +5 ring of evasion (right hand)
 Q - the ring "Xeamno" {rF+ MR+}
   (You acquired it in the Dungeon)

   [ring of protection from fire]

   It protects you from fire.
   It affects your resistance to hostile enchantments.
Wands
 v - a wand of paralysis (8/24)
 y - a wand of iceblast (1/15)
Scrolls
 r - 2 scrolls of remove curse
 t - 5 scrolls of fear
 C - a scroll of amnesia
 F - a scroll of enchant weapon
Potions
 a - 2 potions of brilliance
 e - 15 potions of curing
 f - 3 potions of heal wounds
 g - 11 potions of haste
 h - 18 potions of magic
 k - 2 potions of ambrosia
 l - 2 potions of might
 m - a potion of agility
 n - a potion of cancellation
 p - 3 potions of resistance
 s - 2 potions of lignification
 w - 11 potions of flight
 x - a potion of invisibility
 D - a potion of berserk rage
 L - 24 potions of mutation
Books
 i - Roxanne's Volume of Stones
   (You took it off Roxanne in the Dungeon)

   Spells                             Type                      Level
   a - Petrify                        Transmutation/Earth          4
   b - Statue Form                    Transmutation/Earth          6
   c - Shatter                        Earth                        9
 E - a book of Geomancy

   Spells                             Type                      Level
   a - Sandblast                      Earth                        1
   b - Passwall                       Transmutation/Earth          2
   c - Stone Arrow                    Conjuration/Earth            3
   d - Petrify                        Transmutation/Earth          4
   e - Lee's Rapid Deconstruction     Earth                        5
 K - a book of Burglary

   Spells                             Type                      Level
   a - Swiftness                      Charms/Air                   2
   b - Passwall                       Transmutation/Earth          2
   c - Passage of Golubria            Translocation                4
   d - Lee's Rapid Deconstruction     Earth                        5
   e - Darkness                       Hexes                        6
   f - Invisibility                   Hexes                        6
Comestibles
 d - 3 bread rations


   Skills:
 + Level 10.8 Fighting
 * Level 18.2 Short Blades
 + Level 9.9 Armour
 + Level 17.2 Dodging
 * Level 24.3 Stealth
 - Level 6.6 Shields
 * Level 19.7 Spellcasting
 + Level 9.3 Conjurations
 + Level 14.9 Hexes
 + Level 8.6 Charms
 + Level 5.8 Summonings
 + Level 8.7 Translocations
 + Level 9.2 Transmutations
 + Level 10.2 Ice Magic
 + Level 6.4 Air Magic
 + Level 5.4 Earth Magic
 + Level 7.1 Poison Magic
 + Level 9.2 Evocations


You had 5 spell levels left.
You knew the following spells:

 Your Spells              Type           Power        Failure   Level  Hunger
a - Corona                Hex            #######      1%          1    None
b - Ensorcelled Hibernat  Hex/Ice        ######       1%          2    None
c - Confuse               Hex            #######.     1%          3    None
d - Tukima's Dance        Hex            #######.     1%          3    None
e - Dazzling Spray        Conj/Hex       ######       1%          3    None
f - Mephitic Cloud        Conj/Pois/Air  ######..     1%          3    None
g - Call Imp              Summ           ######..     1%          2    None
h - Sticks to Snakes      Tmut           ######..     1%          2    None
i - Slow                  Hex            #######.     1%          2    None
j - Bolt of Cold          Conj/Ice       #######...   9%          6    ###....
k - Airstrike             Air            ######....   2%          4    None
l - Passwall              Tmut/Erth      ######....   1%          2    None
m - Swiftness             Chrm/Air       ######..     1%          2    None
n - Passage of Golubria   Tloc           N/A          1%          4    None
o - Lee's Rapid Deconstr  Erth           ######....   10%         5    None
p - Darkness              Hex            #######...   1%          6    ###....


Dungeon Overview and Level Annotations

Branches:
Dungeon (1/1)

Altars:
Cheibriados
Dithmenos
Elyvilon
Fedhas
Gozag
Hepliaklqana
Kikubaaqudgha
Makhleb
Nemelex Xobeh
Okawaru
Qazlal
Ru
Sif Muna
Trog
Uskayaw
Vehumet
Wu Jian
Xom
Yredelemnul
Zin
The Shining One
Beogh
Jiyva
Lugonu

Shops:
D (((!:*!!:=(=[?[*}=}[:[[(=!%?}(==(*:}(

Annotations:
D exclusion: 6 doors, Gloorx Vloq


Innate Abilities, Weirdness & Mutations

You are very small and have problems with some larger weapons.
You are too small for most types of armour.
You have supernaturally acute eyesight. (SInv)
You are a herbivore.
You cover ground extremely quickly.
You need consume almost no food.
You have a pair of small antennae on your head.
You are surrounded by a mild repulsion field. (EV +2)
You are partially covered in large bone plates. (SH +4)
You are frail. (-10% HP)
Your system is resistant to poisons. (rPois)
You are covered in fur. (AC +1)
Your muscles are strong. (Str +2)
Your spells are a little harder to cast, but a little more powerful.


Message History

You emit a cloud of dark smoke.
You block the Executioner's attack. The Executioner hits you!
* * * LOW HITPOINT WARNING * * *
The Executioner hits you.
* * * LOW HITPOINT WARNING * * *
The Executioner completely misses you. x2
Gloorx Vloq gestures at you. The foul vapour misses you.
Gloorx Vloq struggles against the net.
The Executioner completely misses you. x2
The Executioner hits you but does no damage.
You block the Executioner's attack. The Executioner misses you.
The Executioner closely misses you. The Executioner gestures at you.
You resist with almost no effort.
Unknown command.
Unknown command.
The Executioner misses you. You block the Executioner's attack. x2
The Executioner completely misses you. The Executioner misses you.
The Executioner hits you.
You die...

# #
▓▓▓▓▓▓▓▓▓▓▓▓▓▓▓▓▓▓▓▓▓▓▓▓▓▓▓▓▓▓▓
##▓G&z..'...1&§♣♣..§..♣♣.....♣♣.▓
..▓.....▓...▓1♣♣..♣...♣♣...♣.♣♣.▓
..▓...V,▓.▓▓▓§♣♣..♣♣..♣♣..♣♣..♣.▓
#+▓▓▓M,,▓...▓§♣♣..♣♣..♣...♣♣....▓
#..▓▓▓+▓▓▓▓.▓.♣11.♣♣......♣♣....▓
#...+...▓0..▓1&§@.▓▓▓▓▓▓▓▓▓▓''▓▓▓
###.#.§.▓▓▓▓▓▓▓▓▓▓▓▓▓▓▓▓▓........
..#.#...▓≈§≈§≈≈≈§▓▓▓....▓.''''''.
..#.##§[▓▓▓▓▓▓▓▓▓▓▓▓'▓▓.▓.'≈..≈'.
((#..#))▓).(.)((.▓▓.).▓.▓.'≈..§'.
#^#..#.§▓....)(..▓▓.⌠.▓.▓.'≈..≈§§
+.##.#[|▓%)...)..▓▓.).▓.▓.'≈.§§§.
#...####▓.....)()▓▓...▓.▓.'≈..≈'.
##.^##.#▓....[.(.▓▓...▓.▓.'≈..≈'.


You could see Gloorx Vloq (caught) and 3 Executioners.

Vanquished Creatures
  the Lernaean hydra (D)
  2 golden dragons (D)
  A bone dragon (D)
  An electric golem (D)
  A hellephant (D)
  A deep elf blademaster (D)
  A kraken (D)
  A deep elf master archer (D)
  3 quicksilver dragons (D)
  Murray (D)
  2 sphinxes (D)
  Kirke (D)
  2 storm dragons (D)
  Gastronok (D)
  Roxanne (D)
  A draconian knight (D)
  A frost giant (D)
  A cacodemon (D)
  A draconian shifter (D)
  A vampire knight (D)
  Nessos (D)
  3 lorocyprocas (D)
  A dire elephant (D)
  A crystal guardian (D)
  A fire dragon (D)
  A deep elf high priest (D)
  A great orb of eyes (D)
  An ice dragon (D)
  A yaktaur captain (D)
  A centaur warrior (D)
  An iron elemental (D)
  A death yak (D)
  2 hell hogs (D)
  An iron golem (D)
  Sonja (D)
  A skeletal warrior (D)
  3 sixfirhies (D)
  2 death drakes (D)
  2 unseen horrors (D)
  2 deep trolls (D)
  A glowing orange brain (D)
  An orange crystal statue (D)
  3 manticores (D)
  An oklob plant (D)
  A harpy (D)
  15 shining eyes (D)
  3 orc sorcerers (D)
  3 toenail golems (D)
  A merfolk siren (D)
  An elephant (D)
  An eye of devastation (D)
  2 spiny frogs (D)
  An ice statue (D)
  A yaktaur (D)
  A kobold demonologist (D)
  5 polar bears (D)
  2 tyrant leeches (D)
  A hornet (D)
  3 hippogriffs (D)
  18 flying skulls (D)
  2 redbacks (D)
  3 yaks (D)
  Menkaure (D)
  3 soldier ants (D)
  10 floating eyes (D)
  2 swamp drakes (D)
  5 necrophages (D)
  3 black bears (D)
  4 crocodiles (D)
  2 earth elementals (D)
  A scorpion (D)
  9 electric eels (D)
  A jelly (D)
  4 orc priests (D)
  An iron imp (D)
  4 worker ants (D)
  2 spectral giant cockroaches (D)
  A ballistomycete (D)
  A ballistomycete spore (D)
  2 crawling corpses (D)
  5 tentacles (D)
184 creatures vanquished.

Vanquished Creatures (others)
  A ballistomycete spore (D)
  A crawling corpse (D)
  3 tentacles (D)
5 creatures vanquished.

Grand Total: 189 creatures vanquished

Notes
Turn   | Place    | Note
-------+----------+-------------------------------------------
     0 | D        | Kidiri the Spriggan Enchanter began the quest for the Orb.
     0 | D        | Reached XP level 1. HP: 9/9 MP: 5/5
     1 | D        | Noticed a worker ant
     1 | D        | Noticed a worker ant
     1 | D        | Noticed a worker ant
     1 | D        | Noticed a worker ant
     4 | D        | Noticed a tyrant leech
     4 | D        | Noticed a tyrant leech
     7 | D        | Noticed a necrophage
     7 | D        | Noticed a necrophage
     7 | D        | Noticed a necrophage
     7 | D        | Noticed a necrophage
    14 | D        | Killed a necrophage
    14 | D        | Reached skill level 1 in Fighting
    14 | D        | Reached skill level 1 in Armour
    14 | D        | Reached skill level 7 in Stealth
    14 | D        | Reached skill level 5 in Spellcasting
    14 | D        | Reached XP level 2. HP: 15/15 MP: 5/9
    14 | D        | Reached XP level 3. HP: 18/18 MP: 5/10
    14 | D        | Reached XP level 4. HP: 23/23 MP: 6/12
    19 | D        | Killed a necrophage
    19 | D        | Reached skill level 5 in Short Blades
    19 | D        | Reached skill level 5 in Dodging
    19 | D        | Reached skill level 8 in Stealth
    19 | D        | Reached skill level 5 in Hexes
    19 | D        | Reached XP level 5. HP: 25/27 MP: 6/14
    44 | D        | Killed a necrophage
    44 | D        | Reached skill level 9 in Stealth
    76 | D        | Killed a necrophage
    76 | D        | Reached skill level 10 in Stealth
    76 | D        | Reached XP level 6. HP: 10/31 MP: 11/17
    83 | D        | Learned a level 2 spell: Ensorcelled Hibernation
    87 | D        | Learned a level 3 spell: Confuse
    91 | D        | Learned a level 3 spell: Tukima's Dance
    95 | D        | Learned a level 3 spell: Dazzling Spray
   372 | D        | Noticed Menkaure
   373 | D        | Found Ibomnear's Weapon Shoppe.
   373 | D        | Found Ekuep's Jewellery Emporium.
   374 | D        | Killed Menkaure
   374 | D        | Reached skill level 11 in Stealth
   374 | D        | Reached skill level 1 in Conjurations
   374 | D        | Reached skill level 1 in Ice Magic
   374 | D        | Reached XP level 7. HP: 36/36 MP: 18/20
   405 | D        | Killed a tyrant leech
   411 | D        | Killed a tyrant leech
   411 | D        | Reached skill level 12 in Stealth
   467 | D        | Noticed a merfolk siren
   470 | D        | Killed a merfolk siren
   470 | D        | Reached XP level 8. HP: 41/41 MP: 18/22
   488 | D        | Noticed a flying skull
   488 | D        | Noticed a flying skull
   489 | D        | Noticed a flying skull
   489 | D        | Noticed a flying skull
   489 | D        | Noticed a flying skull
   490 | D        | Noticed a flying skull
   490 | D        | Noticed a flying skull
   490 | D        | Noticed a flying skull
   494 | D        | Found Vezajets's Food Emporium.
   495 | D        | Found Latigh's Antique Armour Emporium.
   495 | D        | Found Zekhlodo's Antique Armour Shoppe.
   501 | D        | Found Yngysati's Jewellery Shoppe.
   501 | D        | Found Uxzoekk's Gadget Emporium.
   503 | D        | Found Kyorac's Distillery.
   504 | D        | Found Masag's Magic Scroll Shoppe.
   504 | D        | Found Ufeto's Antique Armour Emporium.
   505 | D        | Found Eliasch's Magic Scroll Shoppe.
   509 | D        | Found Xoypp's Book Emporium.
   509 | D        | Found Vuriorr's Distillery.
   509 | D        | Noticed an oklob plant
   510 | D        | Found Keiqucem's Distillery.
   510 | D        | Found Gikkez's Book Shoppe.
   510 | D        | Found Tasoem's Antique Weapon Emporium.
   526 | D        | Noticed a hippogriff
   528 | D        | Noticed a hippogriff
   538 | D        | Noticed a great orb of eyes
   583 | D        | Found an iron altar of Okawaru.
   583 | D        | Found an opulent altar of Gozag.
   584 | D        | Found a sparkling altar of Nemelex Xobeh.
   584 | D        | Found a blossoming altar of Fedhas.
   585 | D        | Found a radiant altar of Vehumet.
   585 | D        | Found a burning altar of Makhleb.
   585 | D        | Found a white marble altar of Elyvilon.
   586 | D        | Found a hide-covered altar of Uskayaw.
   586 | D        | Found a corrupted altar of Lugonu.
   586 | D        | Found a shadowy altar of Dithmenos.
   587 | D        | Found a glowing silver altar of Zin.
   587 | D        | Found a bloodstained altar of Trog.
   587 | D        | Found an ancient bone altar of Kikubaaqudgha.
   588 | D        | Found a basalt altar of Yredelemnul.
   588 | D        | Found a deep blue altar of Sif Muna.
   588 | D        | Found a viscous altar of Jiyva.
   589 | D        | Found a shimmering altar of Xom.
   589 | D        | Found a sacrificial altar of Ru.
   591 | D        | Found a glowing golden altar of the Shining One.
   591 | D        | Found an ornate altar of the Wu Jian Council.
   591 | D        | Found a stormy altar of Qazlal.
   591 | D        | Found a snail-covered altar of Cheibriados.
   591 | D        | Found a hazy altar of Hepliaklqana.
   591 | D        | Noticed a hornet
   591 | D        | Noticed a polar bear
   592 | D        | Found a roughly hewn altar of Beogh.
   592 | D        | Noticed a yaktaur
   600 | D        | Became a worshipper of Dithmenos the Shadowed
   611 | D        | Reached skill level 10 in Spellcasting
   619 | D        | Killed a polar bear
   619 | D        | Reached skill level 13 in Stealth
   621 | D        | Noticed a polar bear
   621 | D        | Noticed a polar bear
   622 | D        | Killed a polar bear
   622 | D        | Reached * piety under Dithmenos
   628 | D        | Killed a hornet
   628 | D        | Reached skill level 5 in Fighting
   628 | D        | Reached XP level 9. HP: 25/46 MP: 9/24
   646 | D        | Killed a polar bear
   650 | D        | Killed a yaktaur
   650 | D        | Reached ** piety under Dithmenos
   650 | D        | Reached skill level 10 in Short Blades
   650 | D        | Reached skill level 10 in Dodging
   650 | D        | Reached skill level 14 in Stealth
   669 | D        | Noticed a spiny frog
   669 | D        | Noticed a spiny frog
   671 | D        | Killed a spiny frog
   671 | D        | Reached skill level 5 in Armour
   673 | D        | Killed a spiny frog
   857 | D        | Noticed a shining eye
   857 | D        | Noticed a shining eye
   857 | D        | Noticed a shining eye
   859 | D        | Killed a shining eye
   860 | D        | Killed a shining eye
   860 | D        | Reached *** piety under Dithmenos
   862 | D        | Killed a shining eye
   862 | D        | Reached skill level 15 in Stealth
   862 | D        | Reached XP level 10. HP: 52/52 MP: 25/27
   870 | D        | Noticed a deep elf master archer
   949 | D        | Reached **** piety under Dithmenos
  1068 | D        | Noticed a death drake
  1082 | D        | Noticed a kraken
  1260 | D        | Killed a kraken
  1260 | D        | Reached skill level 16 in Stealth
  1260 | D        | Reached skill level 1 in Shields
  1260 | D        | Reached skill level 10 in Hexes
  1260 | D        | Reached skill level 5 in Ice Magic
  1500 | D        | Noticed an orange crystal statue
  1525 | D        | Noticed a deep troll
  1527 | D        | Noticed a deep troll
  1528 | D        | Killed a deep troll
  1530 | D        | Killed a deep troll
  1530 | D        | Reached ***** piety under Dithmenos
  1561 | D        | Noticed a sphinx
  1561 | D        | Noticed a sphinx
  1563 | D        | Killed a sphinx
  1563 | D        | Reached skill level 17 in Stealth
  1563 | D        | Reached skill level 5 in Conjurations
  1563 | D        | Reached XP level 11. HP: 58/58 MP: 24/29
  1564 | D        | Killed a sphinx
  1608 | D        | Gained mutation: Your muscles are strong. (Str +2) [potion of mutation]
  1608 | D        | Gained mutation: Your spells are a little harder to cast, but a little more powerful. [potion of mutation]
  1657 | D        | Bought a scroll of identify for 22 gold pieces
  1657 | D        | Bought a scroll of identify for 22 gold pieces
  1657 | D        | Bought a scroll of remove curse for 33 gold pieces
  1657 | D        | Bought a scroll of blinking for 82 gold pieces
  1657 | D        | Bought a scroll of fear for 38 gold pieces
  1663 | D        | Bought a potion of ambrosia for 96 gold pieces
  1663 | D        | Bought a potion of curing for 36 gold pieces
  1663 | D        | Bought a potion of curing for 36 gold pieces
  1663 | D        | Bought a potion of curing for 36 gold pieces
  1663 | D        | Bought a potion of heal wounds for 60 gold pieces
  1663 | D        | Bought a potion of haste for 120 gold pieces
  1666 | D        | Bought a runed robe for 81 gold pieces
  1682 | D        | Bought a scroll of enchant weapon for 82 gold pieces
  1682 | D        | Bought a scroll of identify for 22 gold pieces
  1682 | D        | Bought a scroll of amnesia for 38 gold pieces
  1682 | D        | Bought a scroll of identify for 22 gold pieces
  1684 | D        | Bought a scroll of identify for 22 gold pieces
  1684 | D        | Bought a scroll of identify for 22 gold pieces
  1684 | D        | Bought a scroll of blinking for 82 gold pieces
  1684 | D        | Bought a scroll of fear for 38 gold pieces
  1695 | D        | Bought a cloak for 90 gold pieces
  1704 | D        | Bought a potion of heal wounds for 70 gold pieces
  1704 | D        | Bought a potion of cancellation for 112 gold pieces
  1704 | D        | Bought a potion of curing for 42 gold pieces
  1704 | D        | Bought a potion of curing for 42 gold pieces
  1704 | D        | Bought a potion of magic for 112 gold pieces
  1706 | D        | Bought a potion of heal wounds for 70 gold pieces
  1706 | D        | Bought 2 potions of curing for 84 gold pieces
  1706 | D        | Bought a potion of heal wounds for 70 gold pieces
  1706 | D        | Bought a potion of curing for 42 gold pieces
  1957 | D        | Killed a deep elf master archer
  2058 | D        | Noticed a death drake
  2058 | D        | Noticed a crystal guardian
  2061 | D        | Killed a death drake
  2061 | D        | Reached skill level 18 in Stealth
  2063 | D        | Killed a death drake
  2079 | D        | Killed a crystal guardian
  2321 | D        | Noticed an ice dragon
  2321 | D        | Noticed a fire dragon
  2321 | D        | Noticed a death yak
  2321 | D        | Noticed an iron elemental
  2323 | D        | Killed a fire dragon
  2324 | D        | Killed a death yak
  2324 | D        | Reached XP level 12. HP: 64/64 MP: 26/31
  2336 | D        | Killed an ice dragon
  2336 | D        | Reached skill level 15 in Spellcasting
  2339 | D        | Reached ****** piety under Dithmenos
  2346 | D        | Reached skill level 19 in Stealth
  2519 | D        | Got a vibrating glass ring
  2581 | D        | Noticed an electric golem
  2583 | D        | Killed an electric golem
  2646 | D        | Bought a potion of berserk rage for 60 gold pieces
  2737 | D        | Killed an iron elemental
  2737 | D        | Reached skill level 5 in Shields
  2875 | D        | Got a wavering bronze ring
  2876 | D        | Identified the ring "Pemopu Qita" {Fire MR+} (You found it in the Dungeon)
  2878 | D        | Identified the ring of Xom's Reproof {Ice Int+3} (You found it in the Dungeon)
  3255 | D        | Noticed Sonja
  3255 | D        | Noticed a hellephant
  3256 | D        | Noticed a black draconian shifter
  3257 | D        | Killed a black draconian shifter
  3257 | D        | Reached skill level 20 in Stealth
  3258 | D        | Killed Sonja
  3260 | D        | Killed a hellephant
  3260 | D        | Reached skill level 15 in Short Blades
  3260 | D        | Reached XP level 13. HP: 70/70 MP: 25/34
  3315 | D        | Noticed a deep elf blademaster
  3403 | D        | Killed a deep elf blademaster
  3886 | D        | Bought an uncursed ring of flight for 210 gold pieces
  3894 | D        | Bought a book of Changes for 250 gold pieces
  3894 | D        | Bought a book of Minor Magic for 200 gold pieces
  3898 | D        | Learned a level 3 spell: Mephitic Cloud
  3901 | D        | Learned a level 2 spell: Call Imp
  3904 | D        | Learned a level 2 spell: Sticks to Snakes
  3907 | D        | Learned a level 2 spell: Slow
  4017 | D        | Reached skill level 21 in Stealth
  4019 | D        | Reached skill level 1 in Evocations
  4021 | D        | Reached skill level 15 in Dodging
  4021 | D        | Reached skill level 1 in Transmutations
  4023 | D        | Reached skill level 1 in Poison Magic
  4023 | D        | Paralysed by a floating eye for 2 turns
  4029 | D        | Paralysed by a floating eye for 2 turns
  4029 | D        | Gained mutation: Your body sometimes deteriorates upon taking damage. [a shining eye]
  4030 | D        | Gained mutation: Your spells are harder to cast, but more powerful. [a shining eye]
  4033 | D        | Gained mutation: You expend magic power (3 MP) to strengthen your wands. [a shining eye]
  4033 | D        | Gained mutation: Armour fits poorly on your strangely shaped body. [a shining eye]
  4034 | D        | Reached skill level 1 in Summonings
  4034 | D        | Reached skill level 1 in Air Magic
  4034 | D        | Gained mutation: You are clumsy. (Dex -2) [a shining eye]
  4035 | D        | Gained mutation: You are frail. (-10% HP) [a shining eye]
  4037 | D        | Paralysed by a floating eye for 3 turns
  4040 | D        | Lost mutation: Your spells are harder to cast, but more powerful. [a shining eye]
  4046 | D        | Paralysed by a floating eye for 2 turns
  4047 | D        | Gained mutation: Your body often deteriorates upon taking damage. [a shining eye]
  4051 | D        | Paralysed by a floating eye for 2 turns
  4052 | D        | Gained mutation: You are dopey. (Int -2) [a shining eye]
  4060 | D        | Gained mutation: You tend to lose your temper in combat. [a shining eye]
  4063 | D        | Paralysed by a floating eye for 2 turns
  4070 | D        | Paralysed by a floating eye for 3 turns
  4076 | D        | Gained mutation: Your magical capacity is low. (-10% MP) [a shining eye]
  4078 | D        | Paralysed by a floating eye for 2 turns
  4248 | D        | Lost mutation: Your magical capacity is low. (-10% MP) [potion of mutation]
  4248 | D        | Lost mutation: Your body often deteriorates upon taking damage. [potion of mutation]
  4248 | D        | Gained mutation: Your system is resistant to poisons. (rPois) [potion of mutation]
  4249 | D        | Lost mutation: You are frail. (-10% HP) [potion of mutation]
  4249 | D        | Lost mutation: Your muscles are strong. (Str +2) [potion of mutation]
  4249 | D        | Gained mutation: You are covered in fur. (AC +1) [potion of mutation]
  4249 | D        | Gained mutation: Your muscles are strong. (Str +2) [potion of mutation]
  4249 | D        | Gained mutation: You have large cloven feet. [potion of mutation]
  4250 | D        | Lost mutation: Armour fits poorly on your strangely shaped body. [potion of mutation]
  4250 | D        | Lost mutation: You expend magic power (3 MP) to strengthen your wands. [potion of mutation]
  4250 | D        | Lost mutation: You are dopey. (Int -2) [potion of mutation]
  4250 | D        | Gained mutation: You have a pair of small antennae on your head. [potion of mutation]
  4251 | D        | Lost mutation: Your muscles are strong. (Str +2) [potion of mutation]
  4251 | D        | Lost mutation: You have large cloven feet. [potion of mutation]
  4251 | D        | Lost mutation: Your body sometimes deteriorates upon taking damage. [potion of mutation]
  4251 | D        | Gained mutation: You are robust. (+10% HP) [potion of mutation]
  4251 | D        | Gained mutation: You are dopey. (Int -2) [potion of mutation]
  4251 | D        | Gained mutation: You are resistant to hostile enchantments. (MR+) [potion of mutation]
  4252 | D        | Lost mutation: You tend to lose your temper in combat. [potion of mutation]
  4252 | D        | Lost mutation: You are robust. (+10% HP) [potion of mutation]
  4252 | D        | Lost mutation: You are clumsy. (Dex -2) [potion of mutation]
  4252 | D        | Gained mutation: You are surrounded by a mild repulsion field. (EV +2) [potion of mutation]
  4253 | D        | Lost mutation: You are dopey. (Int -2) [potion of mutation]
  4253 | D        | Lost mutation: You are resistant to hostile enchantments. (MR+) [potion of mutation]
  4253 | D        | Gained mutation: You are partially covered in large bone plates. (SH +4) [potion of mutation]
  4253 | D        | Gained mutation: You are frail. (-10% HP) [potion of mutation]
  4253 | D        | Gained mutation: Your muscles are strong. (Str +2) [potion of mutation]
  4582 | D        | Noticed a dire elephant
  4585 | D        | Killed a dire elephant
  4637 | D        | Identified the Almanac of Augmentations
  4693 | D        | Learned a level 6 spell: Bolt of Cold
  4710 | D        | Learned a level 4 spell: Airstrike
  4717 | D        | Noticed Gastronok
  4719 | D        | Killed Gastronok
  4872 | D        | Found Ucuat's Book Shoppe.
  4873 | D        | Found Emixis's Antique Weapon Boutique.
  4880 | D        | Found Faessel's Gadget Emporium.
  4881 | D        | Found Oddiugur's Antique Armour Boutique.
  4884 | D        | Noticed Nessos
  4886 | D        | Killed Nessos
  4886 | D        | Reached skill level 22 in Stealth
  4933 | D        | Bought a book of Burglary for 900 gold pieces
  4936 | D        | Learned a level 2 spell: Passwall
  4939 | D        | Learned a level 2 spell: Swiftness
  4944 | D        | Learned a level 4 spell: Passage of Golubria
  4950 | D        | Learned a level 5 spell: Lee's Rapid Deconstruction
  5090 | D        | Found Gagyziss's Jewellery Shoppe.
  5109 | D        | Noticed the 27-headed Lernaean hydra
  5111 | D        | Killed the 27-headed Lernaean hydra
  5111 | D        | Reached skill level 5 in Transmutations
  5111 | D        | Reached skill level 1 in Earth Magic
  5111 | D        | Reached skill level 5 in Evocations
  5111 | D        | Reached XP level 14. HP: 68/68 MP: 36/36
  5131 | D        | Noticed a yellow draconian knight
  5140 | D        | Noticed Roxanne
  5141 | D        | Killed a yellow draconian knight
  5363 | D        | Noticed a quicksilver dragon
  5363 | D        | Noticed a quicksilver dragon
  5365 | D        | Killed a quicksilver dragon
  5366 | D        | Killed a quicksilver dragon
  5396 | D        | Noticed a quicksilver dragon
  5398 | D        | Killed a quicksilver dragon
  5398 | D        | Reached skill level 10 in Fighting
  5987 | D        | Noticed Kirke
  6006 | D        | Noticed a golden dragon
  6008 | D        | Killed a golden dragon
  6008 | D        | Reached skill level 5 in Charms
  6008 | D        | Reached skill level 5 in Translocations
  6008 | D        | Reached skill level 5 in Poison Magic
  6016 | D        | Identified 4 scrolls of acquirement
  6017 | D        | Found Efuptie's Antique Weapon Boutique.
  6017 | D        | Found Saicav's Gadget Shoppe.
  6017 | D        | Found Xiepasun's Assorted Antiques.
  6017 | D        | Found Jauc's Jewellery Boutique.
  6017 | D        | Noticed a storm dragon
  6019 | D        | Killed a storm dragon
  6019 | D        | Reached skill level 23 in Stealth
  6025 | D        | Bought a scroll of identify for 38 gold pieces
  6025 | D        | Bought 2 potions of heal wounds for 190 gold pieces
  6063 | D        | Got a steaming copper ring
  6065 | D        | Identified the ring "Xeamno" {rF+ MR+} (You acquired it in the Dungeon)
  6094 | D        | Reached XP level 15. HP: 72/72 MP: 38/38
  6095 | D        | Reached XP level 16. HP: 76/76 MP: 39/39
  6131 | D        | Reached skill level 5 in Air Magic
  6270 | D        | Found Iniste Umill's Antique Weapon Emporium.
  6270 | D        | Found Iffysopo's Assorted Antiques.
  6270 | D        | Found Ugymosi's Antique Weapon Shop.
  6270 | D        | Found Tocykats's Distillery.
  6270 | D        | Found Wuekuizu's Jewellery Boutique.
  6271 | D        | Found Isaoq's Weapon Shoppe.
  6271 | D        | Found Qeazierph's General Store.
  6271 | D        | Found Kaargh's Armour Emporium.
  6271 | D        | Found Azocs's Antique Weapon Shop.
  6271 | D        | Found Kotilyici's Gadget Emporium.
  6271 | D        | Found Gususmoz's Book Shop.
  6271 | D        | Found Leczasm's Jewellery Shoppe.
  6275 | D        | Bought a potion of magic for 112 gold pieces
  6275 | D        | Bought a potion of brilliance for 56 gold pieces
  6275 | D        | Bought a potion of curing for 42 gold pieces
  6275 | D        | Bought a potion of brilliance for 56 gold pieces
  6275 | D        | Bought a potion of curing for 42 gold pieces
  6275 | D        | Bought a potion of curing for 42 gold pieces
  6275 | D        | Bought a potion of curing for 42 gold pieces
  6275 | D        | Bought a potion of magic for 112 gold pieces
  6275 | D        | Bought a potion of curing for 42 gold pieces
  6275 | D        | Bought a potion of berserk rage for 70 gold pieces
  6276 | D        | Bought a scroll of fear for 87 gold pieces
  6276 | D        | Bought a potion of curing for 75 gold pieces
  6276 | D        | Bought a scroll of fear for 87 gold pieces
  6276 | D        | Bought a potion of brilliance for 100 gold pieces
  6276 | D        | Bought 2 scrolls of identify for 100 gold pieces
  6281 | D        | Bought the +0 buckler "Hionemao" {rN++} for 286 gold pieces
  6317 | D        | Noticed a golden dragon
  6317 | D        | Noticed a storm dragon
  6318 | D        | Killed Kirke
  6331 | D        | Noticed a bone dragon
  6343 | D        | Killed a storm dragon
  6345 | D        | Reached skill level 5 in Summonings
  6391 | D        | Killed a bone dragon
  6398 | D        | Killed a golden dragon
  6404 | D        | Reached skill level 10 in Ice Magic
  6491 | D        | Reached skill level 24 in Stealth
  6491 | D        | Reached skill level 5 in Earth Magic
  6725 | D        | Learned a level 6 spell: Darkness
  6995 | D        | Reached XP level 17. HP: 81/81 MP: 36/41
  7321 | D        | Killed Roxanne
  7326 | D        | Identified Roxanne's Volume of Stones (You took it off Roxanne in the Dungeon)
  8310 | D        | Noticed Murray
  8340 | D        | Killed Murray
  8518 | D        | Noticed a curse toe
  8518 | D        | Noticed Gloorx Vloq
  8518 | D        | Noticed a greater mummy
  8596 | D        | Slain by an Executioner

Vault maps used:
D:        the_violet_keep_of_menkaure

Skill      XL: |  1  2  3  4  5  6  7  8  9 10 11 12 13 14 15 16 17 |
---------------+----------------------------------------------------+-----
Fighting       | 1 2 3 4 5 6 7 8 9 10 | 10.8
Short Blades   | 4 5 6 7 8 9 10 12 13 15 16 17 18 | 18.2
Armour         | 1 2 3 4 5 6 7 8 9 |  9.9
Dodging        | 4 5 6 7 8 9 10 12 13 14 15 16 17 | 17.2
Stealth        | 7 8 10 11 12 13 15 17 18 20 22 23 24 | 24.3
Spellcasting   | 5 6 7 8 9 10 12 13 14 16 17 18 19 | 19.7
Hexes          | 4 5 6 7 8 9 10 11 12 13 14 | 14.9
Conjurations   | 1 2 3 4 5 6 7 8 9 |  9.3
Ice Magic      | 1 2 3 4 5 6 7 8 9 10 | 10.2
Shields        | 2 4 5 6 |  6.6
Evocations     | 5 7 8 9 |  9.2
Transmutations | 5 7 8 9 |  9.2
Poison Magic   | 3 5 6 7 |  7.1
Summonings     | 3 4 5 |  5.8
Air Magic      | 3 4 6 |  6.4
Charms         | 2 5 8 |  8.6
Translocations | 2 5 8 |  8.7
Earth Magic    | 1 3 5 |  5.4

Action                   |  1- 3 |  4- 6 |  7- 9 | 10-12 | 13-15 | 16-18 || total
-------------------------+-------+-------+-------+-------+-------+-------++-------
Melee: Dagger            |     5 |    63 |    36 |   207 |   157 |       ||   468
       Rapier            |       |       |       |       |       |    37 ||    37
Throw: Throwing net      |       |       |       |       |     1 |     4 ||     5
 Cast: Corona            |     1 |     2 |       |       |       |       ||     3
       Ensorcelled Hiber |       |     6 |    11 |     8 |     3 |     3 ||    31
       Confuse           |       |       |     5 |    27 |     8 |     8 ||    48
       Dazzling Spray    |       |       |     1 |    48 |    50 |    14 ||   113
       Bolt of Cold      |       |       |       |       |     8 |     6 ||    14
       Passwall          |       |       |       |       |     2 |       ||     2
       Airstrike         |       |       |       |       |     5 |    27 ||    32
       Lee's Rapid Decon |       |       |       |       |       |    47 ||    47
Invok: Shadow Step       |       |       |       |     6 |    10 |     3 ||    19
 Abil: Evoke Flight      |       |       |       |       |     8 |     7 ||    15
  Use: Potion            |     1 |     2 |       |    13 |    12 |     7 ||    35
       Scroll            |       |       |       |    15 |     7 |     7 ||    29
 Stab: Sleeping          |       |     5 |    12 |    20 |    30 |    14 ||    81
       Confused          |       |       |     5 |    12 |     2 |       ||    19
       Invisible         |       |       |       |    13 |     7 |     6 ||    26
       Distracted        |       |       |       |     1 |     3 |       ||     4
       Held in net/web   |       |       |       |       |     1 |     1 ||     2
  Eat: Fruit             |       |       |       |     7 |       |     3 ||    10
Armor: Robe              |       |     2 |     1 |     1 |     3 |    10 ||    17
Dodge: Dodged            |     2 |    37 |    20 |   140 |    78 |   121 ||   398
Block: Buckler           |       |       |       |    51 |    38 |    40 ||   129

Table legend:
 A = Spawn XP
 B = Non-spawn XP
 C = Spawn XP percentage of total XP
 D = Spawn monster count
 E = Non-spawn monster count
 F = Spawn count percentage of total count
 G = Total turns spent on level
                    A         B        C        D         E        F      G
               +---------+---------+-------+---------+---------+-------+---------
         Total |       0 |  120931 |   0.0 |       0 |     175 |   0.0 |  8596
               +---------+---------+-------+---------+---------+-------+---------
             D |       0 |  120931 |   0.0 |       0 |     175 |   0.0 |  8596
               +---------+---------+-------+---------+---------+-------+---------
